Map: Neon Violet Square LE

Players

iggythefisk

  • Race: Terran Terran
  • Spawn Location: 5:00

ZabuchPL

  • Race: Terran Terran
  • League: Gold
  • Spawn Location: 11:00

matathemyra

  • Race: Zerg Zerg

RaegoN

  • Race: Zerg Zerg

VOD

Have the link to the VOD?

Description

Time

  • Played on: Nov. 20, 2017, 2 p.m.
  • Length: 7:48
Show
View Real Time Build Order
Export as new Build Order

iggythefisk Terran 

Build Orders: Reaper Expand 

Get SALT Encoding   

  12  0:00  SCV  
  13  0:13  SCV  
  14  0:18  Supply Depot  
  14  0:25  SCV  
  15  0:40  SCV  
  15  0:42  Barracks  
  16  0:48  Refinery  
  16  0:52  SCV  
  17  1:04  SCV  
  18  1:16  SCV  
  19  1:29  Orbital Command  
  19  1:32  Reaper  
  20  1:47  Command Center  
  20  1:56  SCV  
  21  2:01  Supply Depot  
  21  2:08  SCV, Barracks Reactor  
  22  2:13  Refinery  
  22  2:20  SCV  
  23  2:24  Bunker  
  23  2:28  Factory  
  23  2:32  SCV  
  24  2:44  SCV  
  24  2:50  Marine x2  
  26  2:58  SCV  
  26  3:01  Orbital Command  
  26  3:02  Bunker  
  27  3:15  Factory  
  27  3:19  SCV  
  28  3:25  Barracks Tech Lab  
  28  3:27  SCV  
  28  3:31  SCV  
  29  3:35  Hellion x2  
  29  3:39  SCV  
  34  3:43  SCV  
  35  3:51  SCV  
  35  3:55  SCV  
  37  3:56  Hellion x2  
  37  3:58  Supply Depot  
  37  4:00  Starport  
  37  4:01  Factory Tech Lab  
  41  4:03  SCV  
  41  4:09  Siege Tank  
  45  4:12  Supply Depot  
  45  4:14  SCV  
  46  4:19  SCV  
  46  4:20  Hellion x2  
  51  4:26  Armory  
  47  4:41  Hellion x2  
  43  4:54  Siege Tank  
  43  4:55  Viking  
  43  4:58  SCV  
  49  5:02  Hellion x2  
  53  5:08  SCV  
  53  5:11  SCV  
  55  5:20  SCV  
  56  5:23  SCV  
  56  5:25  Medivac  
  59  5:30  Hellion  
  59  5:33  SCV  
  62  5:37  Supply Depot  
  62  5:41  Hellion, Siege Tank  
  67  5:47  SCV  
  67  5:49  SCV  
  69  5:50  Command Center  
  69  5:58  Hellion  
  69  6:02  Refinery  
  69  6:03  SCV x2  
  69  6:04  Refinery  
  73  6:07  Hellion  
  73  6:09  Starport Tech Lab  
  75  6:18  SCV x2  
  77  6:21  Siege Tank  
  77  6:24  Supply Depot  
  77  6:28  Supply Depot  
  77  6:30  SCV  
  78  6:38  Supply Depot  
  78  6:43  Hellion  
  78  6:45  SCV  
  79  6:47  SCV  
  61  6:58  SCV  
  62  7:05  SCV  
  62  7:06  Siege Tank  
  62  7:07  Hellion x2  
  70  7:10  SCV  
  70  7:14  Orbital Command  
  73  7:17  SCV  
  74  7:28  SCV  
  74  7:29  SCV  
Show
View Real Time Build Order
Export as new Build Order

ZabuchPL Terran 

Build Orders:  

Get SALT Encoding   

  12  0:01  Drone  
  13  0:13  Overlord  
  13  0:20  Drone  
  14  0:31  Drone x2  
  16  0:36  Drone  
  17  0:54  Hatchery  
  16  0:57  Drone  
  16  1:01  Extractor  
  16  1:02  Drone  
  17  1:17  Spawning Pool  
  16  1:21  Drone  
  16  1:25  Drone  
  18  1:30  Drone  
  19  1:39  Drone  
  20  2:06  Zergling x4  
  22  2:08  Queen  
  22  2:09  Queen  
  22  2:10  Overlord  
  22  2:13  Metabolic Boost  
  26  2:24  Drone x2  
  28  2:32  Drone x2  
  29  2:52  Drone x2  
  29  2:53  Drone x2  
  29  2:54  Queen  
  35  2:59  Pneumatized Carapace  
  35  3:02  Overlord  
  35  3:04  Drone  
  36  3:30  Hatchery  
  36  3:32  Zergling x2  
  36  3:33  Zergling x14  
  43  3:42  Evolution Chamber  
  43  3:44  Zergling x4  
  43  3:45  Evolution Chamber  
  43  3:52  Drone  
  43  3:55  Overlord  
  44  4:14  Drone x5  
  44  4:15  Drone x3  
  44  4:16  Overlord  
  51  4:40  Drone  
  51  4:41  Drone x7  
  51  4:43  Lair  
  51  4:45  Spore Crawler  
  58  4:46  Extractor  
  58  4:50  Extractor  
  58  4:51  Extractor  
  58  4:52  Queen  
  55  4:56  Queen  
  57  5:02  Zerg Ground Armor Level 1  
  57  5:04  Zerg Melee Weapons Level 1  
  57  5:19  Baneling Nest, Drone x3  
  57  5:20  Drone x4  
  60  5:44  Overlord x4  
  60  5:45  Hydralisk Den  
  59  6:06  Zergling x10  
  59  6:07  Zergling x24  
  76  6:21  Centrifical Hooks  
  73  6:27  Baneling x3  
  73  6:28  Baneling x15  
  73  6:32  Zergling x2  
  74  6:33  Zergling x4  
  76  6:40  Zergling x8  
  76  6:41  Zergling x2  
  65  7:06  Drone  
  65  7:07  Drone x10  
  76  7:17  Hydralisk  
  76  7:19  Hydralisk x2  
  84  7:44  Extractor x2  
Show
View Real Time Build Order
Export as new Build Order

matathemyra Zerg 

Build Orders:  

Get SALT Encoding   

Show
View Real Time Build Order
Export as new Build Order

RaegoN Zerg 

Build Orders:  

Get SALT Encoding   

Tags
 
Add a new tag
Caveats
  • Supply blocks, unpowered buildings, or Contaminate may cause inaccurate times.
  • Supply counts are checked every 10 seconds.